 Dungeon Crawl Stone Soup version 0.19.0-24-gb05acd6 (webtiles) character file.

10049 Firecrotchwizard the Cruncher (level 11, -1/104 HPs)
             Began as a Minotaur Gladiator on Nov 21, 2016.
             Was a High Priest of Okawaru.
             Killed from afar by Sonja (19 damage)
             ... with a wand of acid
             ... on level 1 of the Lair of Beasts.
             The game lasted 00:26:10 (9655 turns).

Firecrotchwizard the Cruncher (Minotaur Gladiator)  Turns: 9655, Time: 00:26:11

Health: -1/104     AC:  9    Str: 21      XL:     11   Next: 31%
Magic:  8/8        EV:  8    Int:  6 (7)  God:    Okawaru [*****.]
Gold:   481        SH:  0    Dex: 10 (11) Spells: 0 memorised, 10 levels left

rFire  + . .     SeeInvis +     a - +0 quarterstaff
rCold  . . .     Gourm    .     J - +0 plate armour {rPois}
rNeg   . . .     Faith    +     (shield currently unavailable)
rPois  +         Spirit   .     c - +0 hat
rElec  .         Reflect  .     t - +0 cloak
rCorr  .         Harm     .     G - +0 pair of gloves
MR     .....                    (no boots)
Stlth  ..........               i - amulet of faith
                                (no ring)
                                y - ring of see invisible

@: corroded, slowed, very slow
A: retaliatory headbutt, horns 2, clever 1, clumsy 1, deterioration 1, fire
resistance 1, low mp 1
a: Heroism, Finesse, Renounce Religion


You were on level 1 of the Lair of Beasts.
You worshipped Okawaru.
Okawaru was extremely pleased with you.
You were not hungry.

You visited 3 branches of the dungeon, and saw 12 of its levels.

You collected 481 gold pieces.

Inventory:

Hand Weapons
 a - a +0 quarterstaff (weapon)
 e - the +10 hunting sling of Yeast {venom, Str-5 Int+8 Dex+4 SInv, unknown}
   (Okawaru gifted it to you on level 9 of the Dungeon)

   It poisons the ammo it fires.
   It affects your strength (-5).
   It affects your intelligence (+8).
   It affects your dexterity (+4).
   It lets you see invisible.
Missiles
 d - 2 throwing nets (quivered)
Armour
 c - a +0 hat (worn)
 t - a +0 cloak (worn)
 G - a +0 pair of gloves (worn)
 J - a +0 plate armour of poison resistance (worn)
Jewellery
 i - an amulet of faith (around neck)
 s - an uncursed amulet of regeneration {unknown}
 y - a ring of see invisible (left hand)
 M - an uncursed ring of stealth
 N - an uncursed amulet of rage {unknown}
Scrolls
 g - a scroll of amnesia {unknown}
 j - 3 scrolls of fear
 k - 6 scrolls of teleportation
 m - a scroll of blinking {unknown}
 o - 5 scrolls of remove curse
 r - a scroll of identify
 v - a scroll of enchant armour {unknown}
 z - 2 scrolls of noise {unknown}
 I - 2 scrolls of enchant weapon {unknown}
 K - a scroll of brand weapon {unknown}
Potions
 h - 2 potions of magic {unknown}
 l - 4 potions of agility {unknown}
 n - a potion of degeneration {unknown}
 q - 3 potions of brilliance {unknown}
 u - 2 potions of haste {unknown}
 w - a potion of heal wounds {unknown}
 x - 6 potions of lignification {unknown}
 B - a potion of invisibility {unknown}
 C - a potion of cancellation {unknown}
 D - a potion of flight {unknown}
 E - a potion of ambrosia {unknown}
 F - 7 potions of curing {unknown}
 O - a potion of mutation {unknown}
Books
 A - a book of Cantrips

   Spells                             Type                      Level
   a - Confusing Touch                Hexes                        1
   b - Animate Skeleton               Necromancy                   1
   c - Summon Small Mammal            Summoning                    1
   d - Apportation                    Translocation                1
 L - a book of Transfigurations

   Spells                             Type                      Level
   a - Irradiate                      Conjuration/Transmutation    5
   b - Statue Form                    Transmutation/Earth          6
   c - Hydra Form                     Transmutation                6
   d - Dragon Form                    Transmutation                7
Miscellaneous
 H - a box of beasts
Comestibles
 b - 2 meat rations
 f - 13 bread rations
 p - 8 fruits


   Skills:
 * Level 11.9 Fighting
 - Level 14.0 Staves
 - Level 2.0 Throwing
 + Level 10.0 Armour
 + Level 4.5 Dodging


You had 10 spell levels left.
You didn't know any spells.

Dungeon Overview and Level Annotations

Branches:
Dungeon (10/15)            Temple (1/1) D:5            Lair (1/6) D:8
    Orc: D:9-12

Altars:
Ashenzari
Cheibriados
Dithmenos
Gozag
Hepliaklqana
Kikubaaqudgha
Makhleb
Okawaru
Ru
Sif Muna
Trog
Uskayaw
Vehumet
Zin

Annotations:
Lair:1 Sonja


Innate Abilities, Weirdness & Mutations

You reflexively headbutt those who attack you in melee.
You have a pair of horns on your head.
Your mind is acute. (Int +2)
You are clumsy. (Dex -2)
Your body sometimes deteriorates upon taking damage.
Your flesh is heat resistant. (rF+)
Your magical capacity is low. (-10% MP)


Message History

You are splashed with acid!
The acid burns!
Your body deteriorates!
You feel dopey.
Found a leather armour.
Sonja zaps a wand.
The bolt of acid hits you!
* * * LOW HITPOINT WARNING * * *
You are splashed with acid!
The acid burns!
* * * LOW HITPOINT WARNING * * *
Your body deteriorates!
You feel clumsy.
You are too injured to fight recklessly!
You are too injured to fight recklessly!
You are too injured to fight recklessly!
You are too injured to fight recklessly!
Sonja zaps a wand.
The bolt of acid misses you.
Sonja mumbles some strange words.
Sonja blinks!
Sonja shouts, "Hah!
Missed me again!"
Sonja mumbles some strange words.
Sonja blinks!
Sonja zaps a wand.
The bolt of acid hits you!
You die...

...≈≈≈≈≈..(.......#
..≈≈≈≈≈≈≈..#......# ....
..≈≈≈≈≈....#......+ ....
..≈≈≈≈≈.>..#............
..≈≈≈≈≈≈...###.####..... .
.≈≈≈≈≈≈.........[.....
..≈≈≈≈≈≈≈.......K...... .P
≈≈≈≈≈................ .
..≈≈≈........@..§.... .
.....................
##.....#####.#.##..## .
######....####.#### .######+####
.....#....##......##..##.......#.
....##....##......##..##.......##
....##....##......##[.##.......##
....##....##......##..##.......##
....#.............##..#.....|..##


You could see Sonja.

Vanquished Creatures
  Erolcha (D:9)
  An unseen horror (D:10)
  Pikel (D:7)
  A centaur zombie (D:10)
  Joseph (D:7)
  A kobold demonologist (D:9)
  The ghost of JeffiDaFish the Shield-Bearer, a novice GrFi of Makhleb (D:5)
  A troll (D:10)
  A two-headed ogre (D:10)
  A hippogriff (D:7)
  2 steam dragons
  Edmund (D:6)
  A water moccasin (Lair:1)
  5 orc warriors
  An ice beast (D:5)
  2 phantoms
  A sky beast (D:9)
  3 necrophages
  6 ogres
  9 centaurs
  Blork the orc (D:5)
  15 big kobolds
  10 bullfrogs
  3 scorpions
  4 killer bees (D:8)
  9 wights
  A howler monkey (D:10)
  5 crimson imps
  A quasit (D:6)
  A bullfrog skeleton (D:6)
  A hound (D:6)
  2 jellies
  5 orc priests
  A centaur skeleton (D:8)
  10 orc wizards
  3 iguanas
  7 worker ants
  A hound zombie (D:10)
  A howler monkey zombie (D:5)
  2 worker ant zombies
  A howler monkey skeleton (D:4)
  9 adders
  A shadow imp (D:9)
  An ooze (D:1)
  An adder zombie (D:6)
  3 adder skeletons
  A worm (D:5)
  3 dart slugs
  9 leopard geckos
  41 orcs
  3 giant cockroaches
  10 goblins
  6 hobgoblins
  11 jackals
  4 quokkas
  A ball python (D:3)
  4 bats
  5 frilled lizards
  16 kobolds
  A leopard gecko zombie (D:8)
  6 rats
261 creatures vanquished.

Vanquished Creatures (others)
  A crimson imp (D:8)
  A giant cockroach (D:7)
2 creatures vanquished.

Grand Total: 263 creatures vanquished

Notes
Turn   | Place    | Note
-------+----------+-------------------------------------------
     0 | D:1      | Firecrotchwizard the Minotaur Gladiator began the quest for the Orb.
     0 | D:1      | Reached XP level 1. HP: 18/18 MP: 0/0
   176 | D:1      | Reached skill level 4 in Staves
   177 | D:1      | Reached XP level 2. HP: 25/25 MP: 1/1
   710 | D:2      | Reached XP level 3. HP: 30/30 MP: 2/2
  1213 | D:2      | Reached skill level 1 in Armour
  1543 | D:2      | Found a deep blue altar of Sif Muna.
  1547 | D:2      | Found a sacrificial altar of Ru.
  1602 | D:3      | Reached skill level 5 in Staves
  1629 | D:3      | Found a shattered altar of Ashenzari.
  1680 | D:3      | Reached XP level 4. HP: 35/37 MP: 3/3
  2209 | D:3      | Found a hazy altar of Hepliaklqana.
  2399 | D:4      | Noticed a phantom
  2408 | D:4      | Killed a phantom
  2408 | D:4      | Reached skill level 6 in Staves
  2408 | D:4      | Reached XP level 5. HP: 33/45 MP: 4/4
  2557 | D:4      | Reached skill level 7 in Staves
  2557 | D:4      | Reached XP level 6. HP: 51/51 MP: 5/5
  2709 | D:4      | Reached skill level 8 in Staves
  3037 | D:4      | Reached XP level 7. HP: 46/58 MP: 6/6
  3083 | D:5      | Entered Level 5 of the Dungeon
  3111 | D:5      | Noticed JeffiDaFish's ghost (novice GrFi)
  3198 | D:6      | Reached skill level 9 in Staves
  3453 | D:6      | Reached skill level 10 in Staves
  3518 | D:6      | Reached XP level 8. HP: 67/67 MP: 7/7
  3527 | D:6      | Noticed Edmund
  3549 | D:6      | Killed Edmund
  3943 | D:7      | Reached skill level 5 in Fighting
  3970 | D:7      | Noticed Joseph
  4020 | D:5      | Noticed Blork the orc
  4027 | D:5      | Killed Blork the orc
  4027 | D:5      | Reached skill level 11 in Staves
  4028 | D:5      | Found a staircase to the Ecumenical Temple.
  4047 | Temple   | Entered the Ecumenical Temple
  4075 | Temple   | Became a worshipper of Warmaster Okawaru
  4597 | D:5      | Killed JeffiDaFish's ghost
  4597 | D:5      | Reached * piety under Okawaru
  4597 | D:5      | Reached skill level 12 in Staves
  4597 | D:5      | Reached XP level 9. HP: 29/75 MP: 8/8
  4957 | D:7      | Killed Joseph
  4959 | D:7      | Reached ** piety under Okawaru
  5106 | D:7      | Reached skill level 5 in Armour
  5156 | D:7      | Reached skill level 13 in Staves
  5471 | D:7      | Noticed Pikel
  5504 | D:7      | Killed Pikel
  5504 | D:7      | Reached *** piety under Okawaru
  6194 | D:8      | Found a shadowy altar of Dithmenos.
  6383 | D:8      | Reached **** piety under Okawaru
  6482 | D:8      | Found a staircase to the Lair.
  6503 | D:8      | Reached skill level 14 in Staves
  6503 | D:8      | Reached XP level 10. HP: 78/84 MP: 9/9
  7208 | D:9      | Noticed Erolcha
  7216 | D:9      | Killed Erolcha
  7216 | D:9      | Reached ***** piety under Okawaru
  7409 | D:9      | Received a gift from Okawaru
  7410 | D:9      | Got a twisted hunting sling {god gift}
  7443 | D:9      | Reached skill level 10 in Fighting
  7946 | D:9      | Gained mutation: Your body sometimes deteriorates upon taking damage. [mutagenic meat]
  7947 | D:9      | Gained mutation: Your magical capacity is low. (-10% MP) [mutagenic meat]
  7948 | D:9      | Gained mutation: Your flesh is heat resistant. (rF+) [mutagenic meat]
  7950 | D:9      | Gained mutation: You are clumsy. (Dex -2) [mutagenic meat]
  7951 | D:9      | Gained mutation: Your mind is acute. (Int +2) [mutagenic meat]
  8308 | D:10     | Entered Level 10 of the Dungeon
  8492 | D:10     | Reached XP level 11. HP: 84/101 MP: 8/8
  8840 | D:10     | Noticed an unseen horror
  8851 | D:10     | Killed an unseen horror
  8963 | D:10     | Reached skill level 10 in Armour
  9188 | Lair:1   | Entered Level 1 of the Lair of Beasts
  9637 | Lair:1   | Noticed Sonja
  9655 | Lair:1   | Killed from afar by Sonja

Skill      XL: |  1  2  3  4  5  6  7  8  9 10 11 |
---------------+----------------------------------+-----
Staves         | 4 5 6 7 8 10 12 14 | 14.0
Armour         | 1 2 4 6 9 10 | 10.0
Fighting       | 3 4 5 6 10 11 | 11.9
Dodging        | 4 |  4.5
Throwing       | |  2.0

Action                   |  1- 3 |  4- 6 |  7- 9 | 10-12 || total
-------------------------+-------+-------+-------+-------++-------
Melee: Quarterstaff      |    70 |   108 |   336 |   405 ||   919
       Headbutt          |    11 |    18 |    79 |    96 ||   204
Throw: Throwing net      |       |       |     1 |       ||     1
Invok: Heroism           |       |       |     1 |     2 ||     3
  Use: Scroll            |       |     4 |     1 |     2 ||     7
  Eat: Chunk             |     1 |     4 |     5 |     9 ||    19
       Fruit             |     1 |     1 |       |     4 ||     6
       Pizza             |       |       |     1 |       ||     1
       Royal jelly       |       |       |     2 |     1 ||     3
       Beef jerky        |       |       |     1 |     1 ||     2
Armor: Leather armour    |    14 |       |       |       ||    14
       Chain mail        |    21 |    51 |    10 |       ||    82
       Ring mail         |     1 |       |       |       ||     1
       Plate armour      |       |       |   136 |   177 ||   313
Dodge: Dodged            |    33 |    47 |   116 |   110 ||   306
